 Dungeon Crawl Stone Soup version 0.31-a0-1237-gabc64e778c (webtiles) character file.

Game seed: 5439377835787556098

1999 Lobster4 the Firebug (level 9, -2/70 (74) HPs)
             Began as a Hill Orc Fire Elementalist on Dec 15, 2023.
             Was a Believer of Nemelex Xobeh.
             Slain by an ogre
             ... wielding a +0 giant spiked club
              (31 damage)
             ... on level 5 of the Dungeon.
             The game lasted 00:19:12 (8995 turns).

Lobster4 the Firebug (Hill Orc Fire Elementalist)   Turns: 8995, Time: 00:19:13

HP:   -2/70 (74)    AC:  8    Str: 13    XL:     9   Next: 21%
MP:   12/14         EV: 11    Int: 17    God:    Nemelex Xobeh [**....]
Gold: 289           SH:  0    Dex: 11    Spells: 8/15 levels left

rFire   + . .        C - +2 dagger (venom)
rCold   x . .        (no shield)
rNeg    . . .        r - +0 leather armour
rPois   +            k - +2 helmet
rElec   .            e - +0 cloak
rCorr   .            w - +0 pair of gloves
SInv    .            (no boots)
Will    .....        (no amulet)
Stlth   ++           y - ring of poison resistance
HPRegen 0.31/turn    l - ring of fire
MPRegen 0.14/turn

%: no passive effects
@: about to teleport, drained
A: no striking features
a: Renounce Religion, Draw Escape, Draw Destruction, Draw Summoning


You were on level 5 of the Dungeon.
You worshipped Nemelex Xobeh.
Nemelex Xobeh was pleased with you.
You visited 1 branch of the dungeon, and saw 6 of its levels.
You also visited: Sewer.

You collected 289 gold pieces.

Inventory:

Hand Weapons
 c - a +0 vampiric short sword
 s - a +0 hand axe
 v - a +0 sling
 C - a +2 dagger of venom (weapon)
Missiles
 f - 4 silver javelins
 g - 56 poisoned darts
 z - 4 curare-tipped darts
 K - 5 boomerangs
 L - 2 throwing nets
Armour
 a - a +0 robe
 e - a +0 cloak (worn)
 k - a +2 helmet (worn)
 r - a +0 leather armour (worn)
 w - a +0 pair of gloves (worn)
 M - a +0 ring mail
Jewellery
 h - a ring of see invisible
 l - a ring of fire (right hand)
 n - a ring of protection from fire
 y - a ring of poison resistance (left hand)
Wands
 H - a wand of paralysis (9)
Scrolls
 m - a scroll of noise
 B - a scroll of blinking {unknown}
 D - a scroll of revelation
 F - a scroll of amnesia
 G - a scroll of poison {unknown}
 J - a scroll of butterflies {unknown}
 N - a scroll of enchant armour {unknown}
 O - a scroll of identify
Potions
 b - 2 potions of magic
 d - 4 potions of brilliance {unknown}
 i - a potion of might
 j - 3 potions of attraction {unknown}
 p - a potion of heal wounds {unknown}
 t - 2 potions of curing
 u - 3 potions of enlightenment {unknown}
 x - a potion of lignification
 A - a potion of haste {unknown}
 E - 3 potions of mutation {unknown}
 I - 2 potions of cancellation {unknown}


   Skills:
 + Level 5.0 Fighting
 + Level 4.9 Axes
 - Level 2.0 Ranged Weapons
 - Level 2.0 Throwing
 + Level 3.2 Armour
 - Level 2.0 Dodging
 - Level 2.0 Stealth
 + Level 3.6 Spellcasting
 + Level 4.1 Conjurations
 + Level 5.7 Fire Magic
 + Level 4.8 Invocations
 + Level 2.0 Evocations


You had 8 spell levels left.
You knew the following spells:

 Your Spells              Type           Power      Damage    Failure   Level
a - Foxfire               Conj/Fire      100%       2x1d9     2%          1
b - Scorch                Fire           66%        2d7       3%          2
d - Flame Wave            Conj/Fire      29%        2d9       28%         4

Your spell library contained the following spells:

 Spells                   Type           Power      Damage    Failure   Level
 Inner Flame              Hex/Fire       19%        N/A       19%         3
 Volatile Blastmotes      Fire/Tloc      38%        2d13      19%         3
 Summon Small Mammal      Summ           12%        N/A       22%         1
 Call Canine Familiar     Summ           3%         N/A       54%         3
 Summon Guardian Golem    Hex/Summ       3%         N/A       54%         3


Dungeon Overview and Level Annotations

Branches:
Dungeon (6/15)              Sewer (visited)
 Temple: D:4-7

Altars:
Gozag
Nemelex Xobeh

Shops:
D:2 (

Annotations:
D:3 1 exclusion


Message History

Unknown command.
The foxfire hits the scorpion but does no damage.
The foxfire hits the scorpion.
The scorpion is lightly wounded.
You climb upwards.
There is a stone staircase leading down here.
You start resting.
Magic restored.
You climb downwards.
The ogre shouts!
The scorpion closely misses you. The scorpion misses you.
The wight hits you with a +0 great sword!
You feel drained.
A wight comes into view. It is wielding a +0 short sword.
The ogre closely misses you.
There is a stone staircase leading up, spattered with blood here.
Casting: Foxfire (safe; 2% risk of failure)
Confirm with . or Enter, or press ? or * to list all spells.
You feel a surge of power!
Flames lash the scorpion.
The scorpion is moderately wounded.
The scorpion's fire resistance burns away.
The scorpion barely misses you. The wight completely misses you.
The ogre closely misses you.
Unknown command.
The scorpion closely misses you.
The wight hits you with a +0 great sword!
You feel drained.
The scorpion stings you but does no damage.
You climb upwards.
There is a stone staircase leading down here.
As you read the scroll of teleportation, it crumbles to dust.
You feel strangely unstable.
The ogre hits you with a +0 giant spiked club.
The wight hits you with a +0 great sword!
The scorpion stings you but does no damage.
The wight attacks as it pursues you! The wight hits you but does no damage.
The ogre attacks as it pursues you!
The ogre hits you with a +0 giant spiked club!!
You die...
Your body glows with a rainbow of weird colours and disappears.

......................#...#.....#
......................#...##'####
......................###'#......
########.....########............
.......#.....#......#............
.......#.....#......#............
.......'.....'...s..#............
.......#.....#..Oz..#............
.......#.....#..@####............
.......#.....######.#############
.......#.....#............#.....#
.......#.....#............#.....#
.......#.....#............#.....#
.......#.....#............'.....#
##.....#.....###'###########....#
###'####..............#...##....#
.......#.....<........+...####'##


You could see an ogre, a scorpion (combustible) and a wight.

Vanquished Creatures
  A phantom (D:5)
  11 kobold brigands
  3 scorpions
  A jelly (D:5)
  2 hounds
  An orc priest (D:3)
  2 gnoll boudas
  3 iguanas
  An orc wizard (D:3)
  Natasha (D:3)
  31 gnolls
  17 adders
  A shadow imp (D:5)
  2 ufetubi (D:5)
  8 worms
  2 dart slugs (D:2)
  17 orcs
  6 ball pythons
  5 bats
  6 endoplasms
  7 giant cockroaches
  7 goblins
  12 hobgoblins
  57 kobolds
  5 quokkas
  5 frilled lizards
  4 rats
218 creatures vanquished.

Vanquished Creatures (others)
  632 foxfires
632 creatures vanquished.

Grand Total: 850 creatures vanquished

Notes
Turn   | Place    | Note
-------+----------+-------------------------------------------
     0 | D:1      | Lobster4 the Hill Orc Fire Elementalist began the quest for
                  | the Orb.
     0 | D:1      | Reached XP level 1. HP: 14/14 MP: 3/3
   141 | D:1      | Reached XP level 2. HP: 22/22 MP: 4/4
   175 | D:1      | Learned a level 2 spell: Scorch
   489 | D:1      | Reached skill level 1 in Fighting
   489 | D:1      | Reached skill level 1 in Armour
   489 | D:1      | Reached XP level 3. HP: 28/28 MP: 0/5
  1422 | D:2      | Found a sparkling altar of Nemelex Xobeh.
  1437 | D:2      | Reached XP level 4. HP: 35/35 MP: 1/6
  1439 | D:2      | Became a worshipper of Nemelex Xobeh the Trickster
  2193 | D:2      | Reached skill level 1 in Invocations
  2429 | D:2      | Found Lahis's Antique Weapon Emporium.
  2522 | D:3      | Reached * piety under Nemelex Xobeh
  3199 | D:3      | Reached XP level 5. HP: 40/40 MP: 5/8
  3272 | D:3      | Received a gift from Nemelex Xobeh
  3455 | D:3      | Found an opulent altar of Gozag.
  3455 | D:3      | Found a sparkling altar of Nemelex Xobeh.
  3587 | D:3      | Reached skill level 1 in Axes
  3587 | D:3      | Reached skill level 1 in Throwing
  3936 | D:3      | Noticed a kobold brigand
  4016 | D:4      | Found a glowing drain.
  4118 | D:4      | Reached skill level 1 in Ranged Weapons
  4133 | D:3      | Reached XP level 6. HP: 34/48 MP: 2/9
  4221 | D:4      | Learned a level 4 spell: Flame Wave
  4260 | Sewer    | Entered a sewer
  4738 | Sewer    | Reached XP level 7. HP: 54/56 MP: 3/10
  5526 | D:4      | Reached XP level 8. HP: 64/64 MP: 3/12
  5789 | D:4      | Reached ** piety under Nemelex Xobeh
  5911 | D:4      | Reached skill level 5 in Fire Magic
  6467 | D:5      | Entered Level 5 of the Dungeon
  6495 | D:5      | Received a gift from Nemelex Xobeh
  7439 | D:5      | Reached skill level 1 in Evocations
  7823 | D:3      | Noticed Natasha
  7841 | D:3      | Killed Natasha
  8040 | D:3      | Reached XP level 9. HP: 72/72 MP: 10/14
  8649 | D:3      | Reached skill level 5 in Fighting
  8995 | D:5      | Slain by an ogre

Illustrated notes

Levels and vault maps discovered:
D:1:      lemuel_arrival_cross, layout_loops_ring,
          chequers_serial_rivers_micro_c, wander_ebering_terrifying_dragon_lair
D:2:      layout_basic, basic_altar, serial_shops, shop
D:3:      minmay_goblin_kobold_castle, layout_rooms,
          grunt_temple_overflow_opulence, minmay_pentomino_pile, uniq_natasha
D:4:      corexii_shack_village, layout_rooms, gup_sewer_entry_glass
D:5:      layout_gridville, corexii_corridor_pit
D:6:      layout_rooms, minmay_temple_entry_overgrown,
          chequers_serial_rivers_micro_e, minmay_misc_feat_five,
          kennysheep_generic_room_16, uniq_pikel

Skill      XL: |  1  2  3  4  5  6  7  8  9 |
---------------+----------------------------+-----
Fighting       | 1 2 3 4 5 |  5.0
Armour         | 1 2 3 |  3.2
Stealth        | 2 |  2.0
Dodging        | 2 |  2.0
Spellcasting   | 2 3 |  3.6
Invocations    | 1 2 3 4 |  4.8
Axes           | 1 2 3 4 |  4.9
Throwing       | 1 2 |  2.0
Ranged Weapons | 1 2 |  2.0
Conjurations   | 2 3 4 |  4.1
Fire Magic     | 4 5 |  5.7
Evocations     | 1 2 |  2.0

Action                     |  1- 3 |  4- 6 |  7- 9 || total
---------------------------+-------+-------+-------++-------
  Melee: Short sword       |    27 |    43 |       ||    70
         Dagger            |       |       |     9 ||     9
         Punch             |       |       |     1 ||     1
  Throw: Dart              |       |       |     2 ||     2
   Cast: Foxfire           |    39 |   111 |   214 ||   364
         Scorch            |     1 |    28 |    48 ||    77
         Flame Wave        |       |       |     1 ||     1
    Use: Scroll            |       |     5 |     4 ||     9
         Potion            |       |       |     1 ||     1
   Stab: Sleeping          |     1 |       |       ||     1
 Armour: Robe              |    20 |    34 |       ||    54
         Leather armour    |       |     2 |    38 ||    40
  Dodge: Dodged            |    20 |    39 |    36 ||    95

Table legend: (Time is in decaauts)
 A = Elapsed time spent in this place.
 B = Non-inter-level travel time spent in this place.
 C = Inter-level travel time spent in this place.
 D = Time resting spent in this place.
 E = Time spent auto-exploring this place.
 F = Levels seen in this place.
 G = Mean time per level.
                   A        B        C        D        E       F      G
               +--------+--------+--------+--------+--------+-----+--------+
         Total |   9167 |   8810 |    357 |   1385 |   5801 |   7 | 1309.6 |
       Dungeon |   7753 |   7396 |    357 |   1004 |   5027 |   6 | 1292.2 |
         Sewer |   1413 |   1413 |      0 |    381 |    773 |   1 | 1413.0 |
               +--------+--------+--------+--------+--------+-----+--------+

Top non-repeatable levels by time:
     D:3: 2672 daAuts
   Sewer: 1413 daAuts
     D:5: 1371 daAuts
     D:2: 1344 daAuts
     D:4: 1176 daAuts
     D:1: 1176 daAuts
     D:6: 13 daAuts
